 Dungeon Crawl Stone Soup version 0.21-a0-361-g4efd3f9 (webtiles) character file.

3465 Espgualade the Conjurer (level 10, -18/59 HPs)
             Began as a Tengu Ice Elementalist on Oct 13, 2017.
             Was a Follower of Vehumet.
             Demolished by a two-headed ogre
             ... wielding a +0 giant spiked club
              (22 damage)
             ... on level 12 of the Dungeon.
             The game lasted 00:35:39 (11261 turns).

Espgualade the Conjurer (Tengu Ice Elementalist)   Turns: 11261, Time: 00:35:40

Health: -18/59     AC:  5    Str:  8    XL:     10   Next: 6%
Magic:  9/21       EV: 15    Int: 19    God:    Vehumet [*.....]
Gold:   382        SH:  0    Dex: 15    Spells: 8/22 levels left

rFire    . . .     SeeInvis +   s - +3 dagger (holy)
rCold    + . .     Gourm    .   (no shield)
rNeg     . . .     Faith    .   f - +2 robe {rC+}
rPois    .         Spirit   .   (helmet restricted)
rElec    .         Reflect  .   e - +0 cloak
rCorr    +         Harm     .   (no gloves)
MR       .....                  (boots unavailable)
Stlth    +++.......             (no amulet)
HPRegen  0.19/turn              A - ring of see invisible
MPRegen  0.17/turn              z - ring of resist corrosion

@: hasted, very quick
A: beak, talons 3, able to fly 1
a: Fly, Renounce Religion


You were on level 12 of the Dungeon.
You worshipped Vehumet.
Vehumet was aware of your devotion.
You were not hungry.

You visited 2 branches of the dungeon, and saw 11 of its levels.

You collected 382 gold pieces.

Inventory:

Hand Weapons
 c - a +4 trident of protection
 m - a +0 dagger
 s - a +3 dagger of holy wrath (weapon)
 v - a +0 mace of protection
Armour
 a - a +0 robe
 e - a +0 cloak (worn)
 f - a +2 robe of cold resistance (worn)
Jewellery
 l - an uncursed ring of protection from fire
 r - an uncursed amulet of guardian spirit
 z - a ring of resist corrosion (right hand)
 A - a ring of see invisible (left hand)
Wands
 n - a wand of lightning (6/15)
 t - a wand of paralysis (13/24)
 y - a wand of flame (17/48)
Scrolls
 g - 2 scrolls of remove curse
 i - 2 scrolls of immolation
 o - 3 scrolls of recharging
 p - 2 scrolls of amnesia
 x - 4 scrolls of identify
Potions
 d - a potion of ambrosia
 B - 2 potions of flight
 C - 2 potions of curing
Books
 b - a book of Frost

   Spells                             Type                      Level
   a - Freeze                         Ice                          1
   b - Throw Frost                    Conjuration/Ice              2
   c - Ozocubu's Armour               Charms/Ice                   3
   d - Throw Icicle                   Conjuration/Ice              4
   e - Summon Ice Beast               Ice/Summoning                4
 h - a book of Flames

   Spells                             Type                      Level
   a - Flame Tongue                   Conjuration/Fire             1
   b - Throw Flame                    Conjuration/Fire             2
   c - Conjure Flame                  Conjuration/Fire             3
   d - Inner Flame                    Hexes/Fire                   3
   e - Sticky Flame                   Conjuration/Fire             4
   f - Fireball                       Conjuration/Fire             5
 w - a book of Misfortune

   Spells                             Type                      Level
   a - Confusing Touch                Hexes                        1
   b - Confuse                        Hexes                        3
   c - Gell's Gravitas                Translocation                3
   d - Petrify                        Transmutation/Earth          4
   e - Metabolic Englaciation         Hexes/Ice                    5
   f - Yara's Violent Unravelling     Hexes/Transmutation          5
 D - a book of Enchantments

   Spells                             Type                      Level
   a - Cause Fear                     Hexes                        4
   b - Yara's Violent Unravelling     Hexes/Transmutation          5
   c - Silence                        Hexes/Air                    5
   d - Deflect Missiles               Charms/Air                   6
   e - Discord                        Hexes                        8
Comestibles
 k - 4 royal jellies
 q - 2 meat rations
 u - 2 fruits


   Skills:
 - Level 5.0 Fighting
 - Level 5.1 Dodging
 - Level 5.0 Stealth
 + Level 6.6 Spellcasting
 - Level 7.0 Conjurations
 - Level 6.1 Summonings
 - Level 5.4 Ice Magic


You had 8 spell levels left.
You knew the following spells:

 Your Spells              Type           Power        Failure   Level  Hunger
a - Freeze                Ice            ####         1%          1    None
b - Throw Frost           Conj/Ice       ####..       1%          2    None
c - Ozocubu's Armour      Chrm/Ice       ###.....     11%         3    ##.....
d - Throw Icicle          Conj/Ice       ####....     8%          4    ####...
e - Summon Ice Beast      Ice/Summ       ####....     10%         4    ####...


Dungeon Overview and Level Annotations

Branches:
Dungeon (9/15)             Temple (1/1) D:7
   Lair: D:8-11         Orc: D:9-12

Altars:
Cheibriados
Dithmenos
Elyvilon
Fedhas
Gozag
Hepliaklqana
Kikubaaqudgha
Makhleb
Nemelex Xobeh
Qazlal
Ru
Sif Muna
Trog
Uskayaw
Vehumet
Wu Jian
Xom
Yredelemnul
Zin
The Shining One

Annotations:
D:6 dadajohnson's ghost, novice HOBe


Innate Abilities, Weirdness & Mutations

You have a beak for a mouth.
You have claws for feet.
You can fly.


Message History

Aim: an ogre, wielding a giant spiked club (heavily wounded)
The shard of ice hits the ogre.
You kill the ogre!
Vehumet accepts your kill.
Things that are here:
a giant spiked club; an ogre corpse You fall through a shaft for 3 floors!
The shaft crumbles and collapses.
A bullfrog, a hornet, a two-headed ogre and a stone giant come into view.
The two-headed ogre shouts in stereo!
The stone giant shouts!
The hornet buzzes angrily.
You hear a shout!
Found a warped jade ring.
Okay, then.
Okay, then.
You feel yourself speed up.
The stone giant throws a large rock.
The large rock hits you!!!
Ouch! That really hurt!
* * * LOW HITPOINT WARNING * * *
The two-headed ogre hits you with a giant spiked club!!
You die...

..#....######..
...............
#..............
#..............
..........F...#
#.........#
#.....O...#
#....@.C..#
#.........#
#........=#
#....######
..y... #......
..##### #.


You could see a stone giant, a two-headed ogre, a hornet and a bullfrog.

Vanquished Creatures
  A hungry ghost (D:8)
  An ice beast (D:8)
  3 phantoms
  3 sky beasts
  A black bear (D:6)
  3 ogres
  4 centaurs
  A gnoll sergeant (D:9)
  Blork the orc (D:5)
  A bullfrog (D:9)
  2 scorpions
  6 killer bees (D:7)
  3 howler monkeys
  A quasit (D:5)
  2 orc wizards
  4 orc priests
  A gnoll shaman (D:4)
  4 hounds
  A jelly (D:5)
  4 bullfrog skeletons
  5 iguanas
  5 worker ants
  A killer bee zombie (D:7)
  A hound skeleton (D:6)
  2 howler monkey skeletons
  A worker ant zombie (D:8)
  9 gnolls
  7 adders
  2 shadow imps
  An ooze (D:1)
  An adder skeleton (D:4)
  9 worms
  2 dart slugs
  4 leopard geckos
  26 orcs
  2 ball pythons
  9 bats
  5 giant cockroaches
  8 goblins
  6 hobgoblins
  2 jackals (D:3)
  7 kobolds
  7 quokkas
  3 frilled lizards
  A giant cockroach zombie (D:5)
  A quokka skeleton (D:5)
  A quokka zombie (D:4)
  6 rats
181 creatures vanquished.

Vanquished Creatures (collateral kills)
  2 hungry ghosts
  An ice beast (D:9)
  2 eyes of draining (D:8)
  2 gnolls (D:9)
  A goblin (D:8)
8 creatures vanquished.

Grand Total: 189 creatures vanquished

Notes
Turn   | Place    | Note
-------+----------+-------------------------------------------
     0 | D:1      | Espgualade the Tengu Ice Elementalist began the quest for the Orb.
     0 | D:1      | Reached XP level 1. HP: 10/10 MP: 4/4
    94 | D:1      | Reached skill level 1 in Fighting
   409 | D:1      | Reached XP level 2. HP: 17/17 MP: 1/6
  1325 | D:1      | Learned a level 2 spell: Throw Frost
  1364 | D:2      | Reached XP level 3. HP: 21/22 MP: 3/7
  1905 | D:2      | Reached XP level 4. HP: 28/28 MP: 5/8
  2093 | D:2      | Learned a level 3 spell: Ozocubu's Armour
  2623 | D:3      | Gained mutation: You can fly. [Tengu growth]
  2623 | D:3      | Reached XP level 5. HP: 34/34 MP: 9/9
  2761 | D:3      | Found a basalt altar of Yredelemnul.
  3008 | D:4      | Reached skill level 5 in Fighting
  3446 | D:4      | Reached XP level 6. HP: 34/40 MP: 3/10
  3582 | D:4      | Noticed a sky beast
  3614 | D:4      | Killed a sky beast
  4086 | D:4      | Reached XP level 7. HP: 20/44 MP: 2/11
  4525 | D:4      | Found a stormy altar of Qazlal.
  4525 | D:4      | Found a bloodstained altar of Trog.
  4527 | D:4      | Found a white marble altar of Elyvilon.
  4528 | D:4      | Found an ornate altar of the Wu Jian Council.
  4552 | D:4      | Learned a level 4 spell: Throw Icicle
  4598 | D:5      | Entered Level 5 of the Dungeon
  5563 | D:5      | Reached skill level 5 in Dodging
  5903 | D:5      | Reached skill level 5 in Stealth
  6267 | D:5      | Reached XP level 8. HP: 29/49 MP: 10/13
  7065 | D:5      | Learned a level 4 spell: Summon Ice Beast
  7076 | D:6      | Noticed dadajohnson's ghost (novice HOBe)
  7125 | D:6      | Noticed Blork the orc
  7178 | D:5      | Killed Blork the orc
  7818 | D:6      | Reached skill level 5 in Ice Magic
  8110 | D:6      | Reached skill level 5 in Spellcasting
  8184 | D:7      | Found a staircase to the Ecumenical Temple.
  8189 | D:7      | Found an opulent altar of Gozag.
  8242 | Temple   | Entered the Ecumenical Temple
  8447 | Temple   | Became a worshipper of Vehumet
  8481 | D:7      | Reached skill level 2 in Conjurations
  8526 | D:7      | Reached skill level 3 in Conjurations
  8526 | D:7      | Reached XP level 9. HP: 48/54 MP: 8/17
  8638 | D:7      | Reached skill level 4 in Conjurations
  8677 | D:7      | Reached skill level 5 in Conjurations
  8697 | D:7      | Found a shadowy altar of Dithmenos.
  8701 | D:7      | Noticed a hand axe
  8701 | D:7      | Noticed a dagger
  8702 | D:7      | Found a hide-covered altar of Uskayaw.
  8964 | D:8      | Reached skill level 1 in Summonings
  8984 | D:8      | Reached skill level 6 in Conjurations
  9145 | D:8      | Found a glowing silver altar of Zin.
  9761 | D:7      | Reached skill level 7 in Conjurations
 10002 | D:7      | Reached skill level 5 in Summonings
 10370 | D:8      | Noticed a hornet
 10570 | D:8      | Found a bloodstained altar of Trog.
 10587 | D:8      | Reached * piety under Vehumet
 10587 | D:8      | Offered knowledge of Magic Dart by Vehumet.
 11118 | D:9      | Reached XP level 10. HP: 40/59 MP: 20/20
 11260 | D:9      | You fall through a shaft for 3 floors!
 11260 | D:12     | Noticed a two-headed ogre
 11260 | D:12     | Noticed a stone giant
 11261 | D:12     | Demolished by a two-headed ogre

Vault maps used:
D:1:      dpeg_arrival_round_c, kennysheep_crisscross, minmay_close_crescents
D:3:      lemuel_crystal_altar, first_bread, grunt_ministairs_10
D:4:      minitemple, serial_co_window_serial, co_window_paths_b,
          co_window_paths_b, co_window_paths_a, co_window_paths_b,
          co_window_paths_a, co_window_paths_c, co_window_corner_b,
          co_window_unsneaky_path_c, co_window_unsneaky_path_c,
          co_window_unsneaky_path_e, co_window_unsneaky_path_a, glass_columns_a,
          glass_columns_b, glass_columns_a, tgw_xom
D:5:      st_stairs_11
D:6:      hangedman_decor_growths, uniq_blork_the_orc
D:7:      kennysheep_mini, dancing_weapons_uskayaw,
          minmay_temple_entry_statues_fountains, nicolae_gozag_seed_capital
D:8:      kennysheep_mini_moat, kennysheep_okawaru_gauntlet,
          trog_eyes_of_draining
D:9:      kennysheep_little_box
D:12:     minmay_cut_squares, orc_0_dummy, nicolae_trove_entry_crystal,
          hangedman_stone_soup, minmay_checkerbox
Temple:   minmay_temple_bridge_abc

Skill      XL: |  1  2  3  4  5  6  7  8  9 |
---------------+----------------------------+-----
Fighting       | 1 2 3 4 5 |  5.0
Dodging        | 4 5 |  5.1
Stealth        | 4 5 |  5.0
Ice Magic      | 3 5 |  5.4
Spellcasting   | 5 6 |  6.6
Conjurations   | 3 7 |  7.0
Summonings     | 6 |  6.1

Action                   |  1- 3 |  4- 6 |  7- 9 | 10-12 || total
-------------------------+-------+-------+-------+-------++-------
Melee: Unarmed           |    27 |       |       |       ||    27
       Kick              |    14 |    41 |    61 |     2 ||   118
       Peck              |     8 |    24 |    35 |     1 ||    68
       Dagger            |    34 |   170 |   312 |     7 ||   523
 Cast: Freeze            |    29 |    70 |   105 |       ||   204
       Throw Frost       |       |    13 |    45 |       ||    58
       Ozocubu's Armour  |       |     1 |     8 |     1 ||    10
       Throw Icicle      |       |       |    10 |     3 ||    13
       Summon Ice Beast  |       |       |     9 |     2 ||    11
 Abil: Fly               |       |       |     4 |       ||     4
Evoke: Wand              |       |       |     3 |       ||     3
  Use: Potion            |       |     3 |    10 |     1 ||    14
       Scroll            |       |     8 |     8 |       ||    16
 Stab: Sleeping          |     5 |     5 |     6 |     1 ||    17
       Paralysed         |       |       |     2 |       ||     2
  Eat: Chunk             |     4 |     9 |     8 |     1 ||    22
       Bread ration      |       |       |     5 |       ||     5
       Meat ration       |       |       |     1 |       ||     1
       Fruit             |       |       |     1 |       ||     1
Armor: Robe              |    22 |    29 |   107 |     3 ||   161
       Skin              |       |       |     3 |       ||     3
Dodge: Dodged            |    51 |   145 |   307 |     9 ||   512

Table legend:
 A = Spawn XP
 B = Non-spawn XP
 C = Spawn XP percentage of total XP
 D = Spawn monster count
 E = Non-spawn monster count
 F = Spawn count percentage of total count
 G = Total turns spent on level
                    A         B        C        D         E        F      G
               +---------+---------+-------+---------+---------+-------+---------
         Total |       0 |    4951 |   0.0 |       0 |     189 |   0.0 | 11261
               +---------+---------+-------+---------+---------+-------+---------
           D:1 |       0 |      31 |   0.0 |       0 |      15 |   0.0 |  1326
           D:2 |       0 |      65 |   0.0 |       0 |      17 |   0.0 |   768
           D:3 |       0 |     118 |   0.0 |       0 |      29 |   0.0 |   762
           D:4 |       0 |     518 |   0.0 |       0 |      31 |   0.0 |  2721
           D:5 |       0 |     803 |   0.0 |       0 |      28 |   0.0 |  1671
           D:6 |       0 |     697 |   0.0 |       0 |      14 |   0.0 |   894
           D:7 |       0 |    1015 |   0.0 |       0 |      22 |   0.0 |  1133
           D:8 |       0 |    1082 |   0.0 |       0 |      19 |   0.0 |  1237
           D:9 |       0 |     622 |   0.0 |       0 |      14 |   0.0 |   517
               +---------+---------+-------+---------+---------+-------+---------
